Map: Pureza e industria EE

Players

Korypzion - Winner!

  • Race: Zerg Zerg
  • Spawn Location: 12:00

MrFercho

  • Race: Zerg Zerg
  • League: Silver
  • Spawn Location: 3:00

VOD

Have the link to the VOD?

Description

Time

  • Played on: May 26, 2020, 7:24 p.m.
  • Length: 3:52
Show
View Real Time Build Order
Export as new Build Order

Korypzion Zerg - Winner!

Build Orders: Pool First 

Get SALT Encoding   

  12  0:18  Spawning Pool  
  11  0:27  Overlord  
  11  0:31  Drone  
  12  0:35  Drone  
  12  0:40  Extractor  
  12  1:06  Zergling x6  
  12  1:07  Queen  
  17  1:28  Zergling x2  
  17  1:29  Zergling x2  
  19  1:43  Zergling x2  
  20  1:57  Zergling x2  
  22  2:01  Zergling x2  
  22  2:02  Hatchery  
  20  2:19  Zergling x6  
  20  2:50  Zergling x2  
Show
View Real Time Build Order
Export as new Build Order

MrFercho Zerg 

Build Orders: Hatch First 

Get SALT Encoding   

  12  0:02  Drone  
  13  0:13  Overlord  
  13  0:19  Drone  
  14  0:33  Drone  
  15  0:35  Drone  
  15  0:36  Drone  
  17  0:56  Overlord  
  17  1:01  Drone  
  18  1:10  Hatchery  
  17  1:15  Drone  
  18  1:22  Extractor  
  18  1:23  Drone  
  18  1:31  Spawning Pool  
  17  1:33  Drone  
  18  1:44  Drone  
  19  1:51  Drone  
  13  2:23  Zergling x4  
  8  2:49  Drone x3  
  6  2:54  Zergling x4  
  5  3:07  Drone  
  6  3:18  Zergling x2  
  5  3:30  Drone  
Tags
 
League
Silver
Matchup
ZvZ
Race
Zerg
Replay Pack
MrFercho
Spawn Locations
Close Positions
Add a new tag
Caveats
  • Supply blocks, unpowered buildings, or Contaminate may cause inaccurate times.
  • Supply counts are checked every 10 seconds.